 Dungeon Crawl Stone Soup version 0.31-a0-675-g238779eb0a (webtiles) character file.

Game seed: 5729673155948526923

85 qw the Shooter (level 4, -1/28 HPs)
             Began as a Gargoyle Hunter on Sept 5, 2023.
             Slain by a cerulean imp
             ... wielding a +1 spear
             ... summoned by Natasha
              (5 damage)
             ... on level 2 of the Dungeon.
             The game lasted 00:00:36 (1042 turns).

qw the Shooter (Gargoyle Hunter)                    Turns: 1042, Time: 00:00:36

Health: -1/28      AC:  9    Str: 15    XL:     4   Next: 48%
Magic:  4/4        EV: 11    Int:  9    God:
Gold:   4          SH:  0    Dex: 21    Spells: 3/3 levels left

rFire   . . .        Y - +0 shortbow
rCold   . . .        (shield currently unavailable)
rNeg    + . .        d - +0 ring mail
rPois   inf          (no helmet)
rElec   +            l - +0 cloak
rCorr   .            (no gloves)
SInv    .            (no boots)
Will    .....        (no amulet)
Stlth   +            h - +6 ring of dexterity
HPRegen 0.24/turn    (no ring)
MPRegen 0.09/turn

%: no passive effects
@: slowed, very slow
A: sickness immunity, AC +3, negative energy resistance 1, electricity
resistance, torment resistance 1, petrification resistance
a: no special abilities


You were on level 2 of the Dungeon.
You visited 1 branch of the dungeon, and saw 2 of its levels.

You collected 37 gold pieces.
You spent 33 gold pieces at shops.


Innate Abilities, Weirdness & Mutations

You are immune to sickness and miasma.
Your stone body is resilient. (AC +3)
You are immune to poison.
You resist negative energy. (rN+)
You are resistant to electric shocks. (rElec)
You are resistant to unholy torment.
You are immune to petrification.


   Skills:
 - Level 3.0 Fighting
 + Level 5.2 Ranged Weapons
 - Level 1.2 Armour
 - Level 1.5 Dodging
 - Level 1.1 Stealth


You had 3 spell levels left.
You didn't know any spells.
Your spell library was empty.

Inventory:

Hand Weapons
 Y - a +0 shortbow (weapon)
Armour
 d - a +0 ring mail (worn)
 l - a +0 cloak (worn)
Jewellery
 h - a +6 ring of dexterity (left hand)
Scrolls
 a - a scroll of identify
 b - a scroll of teleportation {unknown}
 e - a scroll of fog {unknown}
Potions
 c - a potion of mutation {unknown}
 f - a potion of curing
 k - a potion of enlightenment {unknown}

Dungeon Overview and Level Annotations

Branches:
Dungeon (2/15)

Altars:

Shops:
D:2 !==

Annotations:
D:2 Natasha


Message History

Natasha claws you but does no damage. The cerulean imp closely misses you.
You shoot an arrow.
The arrow hits Natasha but does no damage.
Natasha is moderately wounded.
Natasha claws you but does no damage.
The cerulean imp hits you but does no damage.
You shoot an arrow. The arrow hits Natasha.
Natasha is heavily wounded.
The cerulean imp disappears in a puff of smoke!
Natasha barely misses you. Natasha casts a spell at you.
You feel yourself slow down. The cerulean imp barely misses you.
You shoot an arrow.
The arrow hits Natasha but does no damage.
Natasha is heavily wounded.
The cerulean imp hits you but does no damage.
Natasha stares at you and mumbles some strange words.
The magic dart hits you!
You shoot an arrow. The arrow hits Natasha.
Natasha is severely wounded.
The cerulean imp hits you but does no damage.
Natasha barely misses you.
The cerulean imp hits you from afar with a +1 spear.
Natasha closely misses you.
You shoot an arrow. The arrow barely misses Natasha.
The arrow closely misses the cerulean imp.
The cerulean imp barely misses you.
Natasha claws you but does no damage. x2
The cerulean imp barely misses you.
You shoot an arrow.
The arrow hits Natasha but does no damage.
Natasha is severely wounded.
The cerulean imp hits you from afar with a +1 spear.
Natasha claws you but does no damage.
Natasha growls.
Natasha barely misses you. The cerulean imp closely misses you.
You shoot an arrow. The arrow barely misses Natasha.
The arrow hits the cerulean imp!
The cerulean imp is severely wounded.
The cerulean imp hits you from afar with a +1 spear.
You die...

.... ####
##########
#.........
###.########
#..%\.# # #.....# #
.#.#.########.....#
#
!...)5h@...#......#
#
.#.#.#####.#......#
# #.......#......#
# #######.#.##..##
..>.....#.##..#
......>..)##..#
#####...[.....#
#.###.###.# #. ...


You could see Natasha and a cerulean imp (summoned).

Vanquished Creatures
  A gnoll (D:2)
  3 adders (D:2)
  A worm (D:2)
  5 ball pythons
  4 endoplasms (D:1)
  2 giant cockroaches
  7 goblins
  6 hobgoblins
  2 jackals (D:2)
  2 bats (D:1)
  4 frilled lizards
  2 kobolds
  6 rats
45 creatures vanquished.

Notes
Turn   | Place    | Note
-------+----------+-------------------------------------------
     0 | D:1      | qw the Gargoyle Hunter began the quest for the Orb.
     0 | D:1      | Reached XP level 1. HP: 12/12 MP: 1/1
     0 | D:1      | 0 ||| qw: Version: 0.3-a-75-g829b12e
     0 | D:1      | 0 ||| qw: Game counter: 109
     0 | D:1      | 0 ||| qw: Melee chars always use a shield: true
     0 | D:1      | 0 ||| qw: God list: Okawaru
     0 | D:1      | 0 ||| qw: Allow faded altars: false
     0 | D:1      | 0 ||| qw: Do Orc after clearing Dungeon:15 true
     0 | D:1      | 0 ||| qw: Do second Lair branch before Depths: true
     0 | D:1      | 0 ||| qw: Lair rune preference: random
     0 | D:1      | 0 ||| qw: Goals: Normal
     0 | D:1      | 0 ||| PLANNING D:1-11
    24 | D:1      | Reached XP level 2. HP: 12/17 MP: 2/2
   368 | D:1      | Reached XP level 3. HP: 21/21 MP: 3/3
   382 | D:1      | Reached skill level 5 in Ranged Weapons
   512 | D:1      | 512 ||| UPGRADING to +0 ring mail.
   522 | D:1      | 522 ||| DROPPING +0 leather armour.
   523 | D:1      | 523 ||| UPGRADING to +0 cloak.
   528 | D:1      | 528 ||| DROPPING ring of flight.
   529 | D:1      | 529 ||| UPGRADING to +6 ring of dexterity.
   530 | D:1      | 530 ||| READING 2 scrolls labelled JURONE DOMMUO.
   531 | D:1      | 531 ||| READING scroll labelled WEALIURIHA.
   532 | D:1      | 532 ||| READING scroll labelled ICZASKETZI.
   533 | D:1      | 533 ||| READING scroll labelled TAP TOARET.
   534 | D:1      | 534 ||| DROPPING scroll of immolation.
   535 | D:1      | 535 ||| DROPPING scroll of butterflies.
   615 | D:2      | Found Niogaics's Jewellery Boutique.
   624 | D:2      | 624 ||| SHOPLISTING +6 ring of dexterity (360 gold, have
                  | 23).
   624 | D:2      | 624 ||| SHOPLISTING +6 ring of strength (360 gold, have
                  | 23).
   624 | D:2      | 624 ||| SHOPLISTING amulet of reflection (300 gold, have
                  | 23).
   624 | D:2      | 624 ||| SHOPLISTING ring of fire (250 gold, have 23).
   624 | D:2      | 624 ||| SHOPLISTING ring of ice (250 gold, have 23).
   658 | D:2      | Reached skill level 1 in Armour
   759 | D:2      | Found Nuph's Jewellery Shop.
   768 | D:2      | 768 ||| SHOPLISTING amulet of the acrobat (390 gold, have
                  | 23).
   768 | D:2      | 768 ||| SHOPLISTING ring of positive energy (260 gold, have
                  | 23).
   768 | D:2      | 768 ||| SHOPLISTING ring of resist corrosion (260 gold,
                  | have 23).
   873 | D:2      | Reached XP level 4. HP: 25/27 MP: 4/4
   938 | D:2      | Reached skill level 3 in Fighting
   950 | D:2      | Found a faded altar of an unknown god.
   976 | D:2      | Found Wazeb's Distillery.
   987 | D:2      | 987 ||| SHOPLISTING 2 potions of curing (66 gold, have 37).
   987 | D:2      | 987 ||| BUYING potion of curing (33 gold).
   987 | D:2      | Bought a potion of curing for 33 gold pieces
   987 | D:2      | 987 ||| SHOPLISTING potion of heal wounds (55 gold, have
                  | 4).
   987 | D:2      | 987 ||| SHOPLISTING potion of might (44 gold, have 4).
   987 | D:2      | 987 ||| SHOPLISTING potion of mutation (88 gold, have 4).
  1019 | D:2      | Noticed Natasha
  1038 | D:2      | HP: 5/28 [Natasha/magic dart (9)]
  1042 | D:2      | Slain by a cerulean imp

Levels and vault maps discovered:
D:1:      minmay_arrival_jagged, layout_rooms, st_stairs_8, chequers_garden
D:2:      layout_basic, hellmonk_ecumenical_altar_heavens_door, serial_shops,
          shop, shop, shop, shop, st_stairs_3, grunt_decor_arrowhead,
          cheibrodos_gnoll_hut, uniq_natasha

Skill      XL: |  1  2  3  4 |
---------------+-------------+-----
Ranged Weapons | 5 |  5.2
Armour         | 1 |  1.2
Fighting       | 3 |  3.0
Dodging        | |  1.5
Stealth        | |  1.1

Action                     |  1- 3 |  4- 6 || total
---------------------------+-------+-------++-------
   Fire: Shortbow          |    99 |    52 ||   151
    Use: Scroll            |     4 |       ||     4
 Armour: Leather armour    |    19 |       ||    19
         Ring mail         |     4 |    35 ||    39
  Dodge: Dodged            |    13 |    35 ||    48

Table legend:
 A = Non-vault XP
 B = Vault XP
 C = Vault XP percentage of total XP
 D = Non-vault monster count
 E = Vault monster count
 F = Vault count percentage of total count
                 A         B        C        D         E       F
            +---------+---------+-------+---------+---------+-------
      Total |      88 |      34 |  27.9 |      39 |       6 |  13.3
            +---------+---------+-------+---------+---------+-------
        D:1 |      40 |       1 |   2.4 |      26 |       1 |   3.7
        D:2 |      48 |      33 |  40.7 |      13 |       5 |  27.8
            +---------+---------+-------+---------+---------+-------
